 Dungeon Crawl Stone Soup version 0.17-a0-157-g289cc6a (webtiles) character file.

92 Ngotmuk the Covered (level 4, -1/40 HPs)
             Began as a Minotaur Fighter on Mar 26, 2015.
             Was an Initiate of the Shining One.
             Slain by a killer bee (2 damage)
             ... on level 4 of the Dungeon.
             The game lasted 00:04:27 (1575 turns).

Ngotmuk the Covered (Minotaur Fighter)              Turns: 1575, Time: 00:04:27

Health: -1/40      AC: 10    Str: 22    XL:     4   Next: 35%
Magic:  2/2        EV:  6    Int:  5    God:    the Shining One [......]
Gold:   224        SH:  9    Dex:  9    Spells: 0 memorised, 3 levels left

rFire  . . .     SeeInvis .     a - +0 flail
rCold  . . .     Clarity  .     n - +0 chain mail
rNeg   . . .     SustAb   .     c - +0 shield
rPois  .         Gourm    .     (helmet restricted)
rElec  .         Spirit   .     (no cloak)
rCorr  +         Warding  .     p - +0 pair of gloves
rMut   .         Stasis   .     (no boots)
MR     .....                    r - amulet of resist corrosion
Stlth  ..........               k - ring of wizardry
                                f - ring of stealth

@: lethally poisoned (-1 -> -3), not resistant to hostile enchantments,
extremely unstealthy
A: retaliatory headbutt, horns 2
a: Renounce Religion


You were on level 4 of the Dungeon.
You worshipped the Shining One.
The Shining One was noncommittal.
You were not hungry.

You visited 1 branch of the dungeon, and saw 4 of its levels.

You collected 224 gold pieces.

Inventory:

Hand weapons
 a - a +0 flail (weapon)
Armour
 c - a +0 shield (worn)
 n - a +0 chain mail (worn)
 p - a +0 pair of gloves (worn)
Jewellery
 f - a ring of stealth (left hand)
 k - a ring of wizardry (right hand)
 r - an amulet of resist corrosion (around neck)
Scrolls
 g - 2 scrolls of recharging {unknown}
 h - 2 scrolls of enchant weapon {unknown}
 j - 2 scrolls of identify {unknown}
 l - 2 scrolls of teleportation {unknown}
 o - a scroll of magic mapping {unknown}
 s - a scroll of remove curse {unknown}
 u - a scroll of enchant armour {unknown}
Potions
 e - 2 potions of might
 i - a potion of cancellation {unknown}
 m - a potion of degeneration {unknown}
 q - 3 potions of curing {unknown}
 t - 2 potions of agility {unknown}
 v - a potion of resistance {unknown}
Comestibles
 b - a beef jerky
 d - 4 bread rations


   Skills:
 + Level 4.1 Fighting
 + Level 3.1 Maces & Flails
 + Level 4.6 Armour
 + Level 1.5 Dodging
 + Level 4.3 Shields


You had 3 spell levels left.
You didn't know any spells.

Dungeon Overview and Level Annotations

Branches:
Dungeon (4/15)
 Temple: D:4-7

Altars:
Elyvilon
Fedhas
Qazlal
The Shining One


Innate Abilities, Weirdness & Mutations

You reflexively headbutt those who attack you in melee.
You have a pair of horns on your head.


Message History

The killer bee stings you. You block the orc's attack.
A scorpion comes into view.
You closely miss the killer bee. Your headbutt misses the killer bee.
The killer bee is severely wounded.
You block the killer bee's attack. x2
The killer bee stings you but does no damage. x2
The killer bee stings you.
* * * LOW HITPOINT WARNING * * *
The killer bee stings you but does no damage.
The orc wizard casts a spell.
The orc wizard seems to speed up.
The orc hits you but does no damage.
You completely miss the killer bee.
You feel sick. You block the killer bee's attack.
The killer bee stings you but does no damage. x2
The killer bee stings you.
* * * LOW HITPOINT WARNING * * *
You block the killer bee's attack.
The killer bee stings you but does no damage.
The killer bee stings you.
You die...

..# .#.......
.........##
.......:...#
............#..
...............
..s............
.......)oy$......
.......o@yy......
........Zy.......
###.#.#...#....
.............. .
... ....... .
............. ..
........
......... ...


You could see a scorpion, 4 killer bees, an orc wizard, an orc and an adder
skeleton.

Vanquished Creatures
  2 adders
  4 giant geckos
  2 orcs
  A ball python (D:2)
  9 goblins
  9 hobgoblins
  10 jackals
  8 kobolds
  2 quokkas
  4 bats
  7 giant newts
  5 rats
63 creatures vanquished.

Notes
Turn   | Place    | Note
--------------------------------------------------------------
     0 | D:1      | Ngotmuk, the Minotaur Fighter, began the quest for the Orb.
     0 | D:1      | Reached XP level 1. HP: 19/19 MP: 1/1
    85 | D:1      | Reached XP level 2. HP: 21/27 MP: 1/1
   183 | D:1      | Reached skill level 4 in Armour
   538 | D:1      | Reached XP level 3. HP: 33/33 MP: 2/2
   706 | D:2      | Reached skill level 1 in Dodging
  1026 | D:2      | Found a glowing golden altar of the Shining One.
  1027 | D:2      | Found a blossoming altar of Fedhas.
  1049 | D:2      | Became a worshipper of the Shining One
  1069 | D:3      | Reached XP level 4. HP: 40/40 MP: 2/2
  1241 | D:3      | Found a stormy altar of Qazlal.
  1492 | D:3      | Found a white marble altar of Elyvilon.
  1575 | D:4      | HP: 1/40 [killer bee (6)]
  1575 | D:4      | Slain by a killer bee

Action                   |  1- 3 |  4- 6 || total
-------------------------+-------+-------++-------
Melee: Flail             |    97 |    42 ||   139
  Eat: Fruit             |       |     3 ||     3
